 Dungeon Crawl Stone Soup version 0.18.1-8-gdd0e5ea (webtiles) character file.

113 mistymad the Ruffian (level 4, -6/39 HPs)
             Began as a Naga Transmuter on May 22, 2016.
             Was an Initiate of Okawaru.
             Mangled by a wight
             ... wielding a +2 dire flail
              (15 damage)
             ... on level 3 of the Dungeon.
             The game lasted 00:13:42 (5032 turns).

mistymad the Ruffian (Naga Transmuter)              Turns: 5032, Time: 00:13:43

Health: -6/39      AC:  4    Str: 12    XL:     4   Next: 96%
Magic:  3/8        EV: 10    Int: 15    God:    Okawaru [......]
Gold:   131        SH:  0    Dex: 11    Spells: 3 memorised, 2 levels left

rFire  . . .     SeeInvis +       - Unarmed
rCold  . . .     Gourm    .     b - +0 robe
rNeg   . . .     Faith    .     (no shield)
rPois  +         Spirit   .     (no helmet)
rElec  .         Dismiss  .     (no cloak)
rCorr  .         Reflect  .     h - +1 pair of gloves
SustAt .         Harm     .     (no barding)
MR     .....                    (no amulet)
Stlth  +.........               (no ring)
                                (no ring)

@: very slightly contaminated, drained, very slow, not resistant to hostile
enchantments, very unstealthy
A: see invisible, deformed body, poison resistance, slowness 2, slow metabolism
1, spit poison 2, AC +1
a: Spit Poison, Renounce Religion


You were on level 3 of the Dungeon.
You worshipped Okawaru.
Okawaru was noncommittal.
You were not hungry.

You visited 1 branch of the dungeon, and saw 3 of its levels.

You collected 131 gold pieces.

Inventory:

Missiles
 a - 2 arrows
Armour
 b - a +0 robe (worn)
 h - a +1 pair of gloves (worn)
Jewellery
 f - an uncursed ring of wizardry {unknown}
Scrolls
 e - 4 scrolls of identify {unknown}
 g - a scroll of fog {unknown}
 i - a scroll of amnesia {unknown}
 m - a scroll of recharging {unknown}
Potions
 j - a potion of lignification {unknown}
Books
 c - a book of Changes

   Spells                             Type                      Level
   a - Beastly Appendage              Transmutation                1
   b - Sticks to Snakes               Transmutation                2
   c - Spider Form                    Transmutation/Poison         3
   d - Ice Form                       Ice/Transmutation            4
   e - Blade Hands                    Transmutation                5
Comestibles
 d - 3 bread rations
 k - 2 meat rations
 l - 3 chunks of flesh


   Skills:
 + Level 2.1(1.8) Fighting
 + Level 2.2(1.9) Dodging
 + Level 3.4(3.1) Unarmed Combat
 + Level 2.6(2.3) Spellcasting
 + Level 3.0(2.7) Transmutations


You had 2 spell levels left.
You knew the following spells:

 Your Spells              Type           Power        Failure   Level  Hunger
a - Beastly Appendage     Trmt           ##....       10%         1    #......
b - Sticks to Snakes      Trmt           ##......     12%         2    ###....
c - Spider Form           Trmt/Pois      #.........   43%         3    ###....


Dungeon Overview and Level Annotations

Branches:
Dungeon (3/15)

Altars:
Okawaru
Trog
Yredelemnul

Annotations:
D:3 mistymad's ghost, amateur NaTm


Innate Abilities, Weirdness & Mutations

You cannot wear boots.
Your serpentine skin is tough (AC +1).
You have supernaturally acute eyesight.
Armour fits poorly on your strangely shaped body.
Your system is resistant to poisons.
You cover ground very slowly.
You have a slow metabolism.
You can spit poison.


Message History

You feel drained.
You hit the wight but do no damage.
The wight is severely damaged.
The wight closely misses you.
You closely miss the wight.
The wight is severely damaged.
The wight hits you with an enchanted dire flail!
* * * LOW HITPOINT WARNING * * *
You hit the wight but do no damage.
The wight is severely damaged.
Your transformation has ended.
Your +1 pair of gloves unmelds from your body.
Your +0 robe unmelds from your body.
The wight barely misses you.
Unknown command.
You hit the wight but do no damage.
The wight is severely damaged.
You hit the wight but do no damage.
The wight is severely damaged.
The wight hits you with an enchanted dire flail!
You die...

##...####.###### ##########
#........# #........# #...######
#.♣♣♣♣♣..# #..## #♣.P♣PP♣.#####
##...# ###♣....(......# ....##
#..♣♣P.PP♣.###.# ##.##
########.#.♣♣♣♣♣..###.## #...#
#........#.............# #)..#
#.####.@.#########.##..# #<..#
#.####.z##########.##..# #.W.#
#.##.....#.......#.#...#
#...######(##.#...........#.#....
.........#)##.#...........#[#.#.#
.......(())..#............#.....#
........(####.............###<...
#...###### ##............###.##.
#...# #.####........##....


You could see a wight.

Vanquished Creatures
  3 adders
  4 worms
  A giant gecko (D:2)
  7 orcs
  A ball python (D:2)
  2 giant cockroaches
  14 goblins
  4 hobgoblins
  3 jackals (D:3)
  11 kobolds
  A quokka (D:3)
  3 bats
  3 giant newts (D:2)
  6 rats
63 creatures vanquished.

Vanquished Creatures (collateral kills)
  A jackal (D:3)
  A kobold (D:3)
2 creatures vanquished.

Grand Total: 65 creatures vanquished

Notes
Turn   | Place    | Note
--------------------------------------------------------------
     0 | D:1      | mistymad the Naga Transmuter began the quest for the Orb.
     0 | D:1      | Reached XP level 1. HP: 18/18 MP: 3/3
    12 | D:1      | Noticed an electric eel
   747 | D:2      | Found a bloodstained altar of Trog.
   782 | D:2      | Reached XP level 2. HP: 25/25 MP: 3/5
   830 | D:2      | Found an iron altar of Okawaru.
   857 | D:2      | Became a worshipper of Warmaster Okawaru
  1144 | D:2      | Found a basalt altar of Yredelemnul.
  1349 | D:2      | Reached XP level 3. HP: 12/31 MP: 6/6
  1844 | D:3      | Learned a level 2 spell: Sticks to Snakes
  2024 | D:3      | Noticed mistymad's ghost (amateur NaTm)
  2529 | D:3      | Reached XP level 4. HP: 29/39 MP: 7/7
  4467 | D:2      | Learned a level 3 spell: Spider Form
  5032 | D:3      | Mangled by a wight

Skill      XL: |  1  2  3  4 |
---------------+-------------+-----
Dodging        | 2 |  2.2
Fighting       | 2 |  2.1
Transmutations | 3 |  3.0
Unarmed Combat | |  3.4
Spellcasting   | |  2.6

Action                   |  1- 3 |  4- 6 || total
-------------------------+-------+-------++-------
Melee: Unarmed           |   136 |   147 ||   283
       Headbutt          |    16 |    14 ||    30
       Punch             |     2 |       ||     2
 Cast: Beastly Appendage |    22 |    12 ||    34
       Sticks to Snakes  |     2 |     8 ||    10
       Spider Form       |       |     4 ||     4
 Abil: Spit Poison       |    14 |    11 ||    25
 Stab: Sleeping          |     1 |       ||     1
  Eat: Chunk             |     5 |     9 ||    14
Armor: Robe              |    33 |    37 ||    70
       Skin              |       |     1 ||     1
Dodge: Dodged            |    67 |    96 ||   163
